 Dungeon Crawl Stone Soup version 0.18-a0-1285-g60d00e1 (webtiles) character file.

5027 M4edhros the Covert (level 10, 0/63 HPs)
             Began as an Octopode Artificer on Feb 8, 2016.
             Slain by an orc warrior
             ... wielding a +0 trident
              (7 damage)
             ... on level 8 of the Dungeon.
             The game lasted 00:24:59 (9637 turns).

M4edhros the Covert (Octopode Artificer)            Turns: 9637, Time: 00:24:59

Health: 0/63       AC:  5    Str: 16    XL:     10   Next: 55%
Magic:  12/12      EV: 13    Int: 18    God:    Xom [......]
Gold:   386        SH:  0    Dex: 11    Spells: 0 memorised, 9 levels left

rFire  . . .     SeeInvis .     g - +4 dagger (venom)
rCold  + . .     Gourm    .     (no shield)
rNeg   . . .     Faith    +     (helmet restricted)
rPois  .         Spirit   .     s - amulet of faith
rElec  .         Dismiss  .     S - ring of wizardry
rCorr  .         Reflect  .     N - ring of protection from cold
SustAt .         Harm     .     V - -3 ring of evasion
MR     .....                    (no ring)
Stlth  +++++++...               (no ring)
                                (no ring)
                                (no ring)
                                (no ring)

@: mighty, not resistant to hostile enchantments, extremely stealthy
A: almost no armour, amphibious, 8 rings, constrict 8, rough black scales 1,
camouflage 1, blink, low mp 2, robust 1, gelatinous body 1
a: Blink, Renounce Religion


You were on level 8 of the Dungeon.
You worshipped Xom.
You were a very special plaything of Xom.
You were hungry.

You visited 2 branches of the dungeon, and saw 10 of its levels.
You also visited: Sewer and Bailey.

You collected 518 gold pieces.
You spent 132 gold pieces at shops.

Inventory:

Hand Weapons
 g - a +4 dagger of venom (weapon)
 t - a +1 trident of venom
 u - the +1 short sword "Ox" {venom, +Inv rN++ MP+9 Dex-3}
   (You found it on level 8 of the Dungeon)

   It poisons the flesh of those it strikes.
   It affects your dexterity (-3).
   It greatly protects you from negative energy.
   It affects your magic capacity (+9).
   It lets you turn invisible.
 z - a +3 short sword of venom
 W - a +2 dagger of chaos
 X - a +0 blowgun
Missiles
 y - 50 sling bullets
Jewellery
 j - an uncursed amulet of regeneration
 s - an amulet of faith (around mantle)
 N - a ring of protection from cold (right tentacle)
 S - a ring of wizardry (left tentacle)
 T - an uncursed amulet of dismissal
 V - a -3 ring of evasion (on tentacle)
Wands
 d - a wand of random effects (30/48)
 v - a wand of lightning (0/15)
 L - a wand of slowing (1/48)
Scrolls
 a - a scroll of blinking {unknown}
 e - 4 scrolls of summoning {unknown}
 i - a scroll of brand weapon {unknown}
 l - 6 scrolls of teleportation {unknown}
 m - 4 scrolls of enchant armour {unknown}
 n - 8 scrolls of identify
 o - 5 scrolls of amnesia {unknown}
 p - 3 scrolls of noise {unknown}
 q - 2 scrolls of enchant weapon {unknown}
 B - 3 scrolls of fear {unknown}
 G - a scroll of fog {unknown}
 H - 3 scrolls of recharging
 J - 2 scrolls of magic mapping {unknown}
 K - a scroll of vulnerability {unknown}
 Q - a scroll of acquirement {unknown}
Potions
 h - 3 potions of berserk rage {unknown}
 C - 4 potions of magic
 D - a potion of brilliance
 E - a potion of flight
 P - a potion of cure mutation
 R - a potion of experience {unknown}
Books
 M - a book of Alchemy

   Spells                             Type                      Level
   a - Sublimation of Blood           Necromancy                   2
   b - Ignite Poison                  Fire/Transmutation/Poison    3
   c - Petrify                        Transmutation/Earth          4
   d - Alistair's Intoxication        Transmutation/Poison         5
   e - Irradiate                      Conjuration/Transmutation    5
 Y - a book of Cantrips

   Spells                             Type                      Level
   a - Corona                         Hexes                        1
   b - Animate Skeleton               Necromancy                   1
   c - Summon Small Mammal            Summoning                    1
   d - Apportation                    Translocation                1
Comestibles
 f - 6 bread rations
 k - 3 fruits
 r - a slice of pizza
 w - a beef jerky
 A - 3 meat rations


   Skills:
 - Level 1.0 Fighting
 - Level 1.0 Short Blades
 * Level 9.8 Dodging
 * Level 13.3 Stealth
 + Level 8.2 Evocations


You had 9 spell levels left.
You didn't know any spells.

Dungeon Overview and Level Annotations

Branches:
Dungeon (9/15)             Temple (1/1) D:4
   Lair: D:8-11         Orc: D:9-12

Altars:
Ashenzari
Cheibriados
Gozag
Makhleb
Nemelex Xobeh
Okawaru
Qazlal
Ru
Sif Muna
Trog
Vehumet
Xom
Yredelemnul
Zin
The Shining One

Shops:
D:6 (


Innate Abilities, Weirdness & Mutations

You cannot wear most types of armour.
You are amphibious.
You can wear up to eight rings at the same time.
You can use your tentacles to constrict eight enemies at once.
Your skin changes colour to match your surroundings (Stealth).
Your rubbery body absorbs attacks (AC +1).
You are partially covered in rough black scales (AC +4, Dex -1).
You can translocate small distances at will.
Your magical capacity is very low (-20% MP).
You are robust (+10% HP).


Message History

You constrict the orc warrior, but do no damage.
The orc warrior hits you with a trident!!
* * * LOW HITPOINT WARNING * * *
Drink which item? (? for menu, Esc to quit)
Okay, then.
Evoke which item? (* to show all) (? for menu, Esc to quit)
Zapping:
d - a wand of random effects (30/48)
Press: ? - help, Shift-Dir - straight line, f - orc warrior
Aim: an orc warrior, wielding a trident and wearing a plate armour (constricted by you)
Okay, then.
Read which item? (? for menu, Esc to quit)
Okay, then.
Drink which item? (? for menu, Esc to quit)
Okay, then.
Drink which item? (? for menu, Esc to quit)
You feel very mighty all of a sudden.
You constrict the orc warrior, but do no damage.
The orc warrior hits you with a trident!
You die...
Xom howls with laughter!

##### ####### #...# #.....#
######.#.##### #.###.#
#....).......###.###.#
#.###>.(..............
#.#......###.#<.......
#.#.#@##.# #.#.#.....#
#.#..o##.# #.#.......#
#.....##.# #.###.###.#
#####....###.# #.# #.#
########....#..#..(# #.# #.#
#......#.##.#..##### #.# #.#
#......#.##...##.#####.###.#
#......#.##.###.≈#..###.....
#......'.##.##⌠..≈≈.≈#####.#


You could see an orc warrior.

Vanquished Creatures
  2 orc knights (Bailey)
  Prince Ribbit (D:6)
  Sigmund (D:4)
  A hell hound (Bailey)
  An ice beast (D:7)
  9 orc warriors
  An eye of draining (D:8)
  3 sky beasts
  3 centaurs
  4 ogres
  3 big kobolds (Sewer)
  3 giant frogs (D:6)
  A scorpion (D:9)
  2 crimson imps
  A hound (D:4)
  5 orc wizards
  2 orc priests
  A giant frog skeleton (D:3)
  5 worker ants
  3 hound skeletons
  8 gnolls
  A river rat (Sewer)
  9 adders
  3 shadow imps
  3 oozes
  An adder skeleton (D:4)
  4 worms
  7 giant geckos
  56 orcs
  4 ball pythons
  7 bats
  3 giant cockroaches
  17 goblins
  14 hobgoblins
  15 jackals
  14 kobolds
  2 quokkas
  4 giant newts
  A quokka zombie (D:5)
  6 rats
231 creatures vanquished.

Vanquished Creatures (collateral kills)
  An orc knight (Bailey)
  An orc warrior (Bailey)
  A gnoll (D:8)
  11 orcs
  A goblin (D:8)
15 creatures vanquished.

Vanquished Creatures (others)
  A centaur (D:8)
  A centaur zombie (D:8)
  A gnoll (D:8)
  An orc (D:8)
4 creatures vanquished.

Grand Total: 250 creatures vanquished

Notes
Turn   | Place    | Note
--------------------------------------------------------------
     0 | D:1      | M4edhros the Octopode Artificer began the quest for the Orb.
     0 | D:1      | Reached XP level 1. HP: 13/13 MP: 3/3
   483 | D:1      | Reached XP level 2. HP: 18/18 MP: 4/4
  1246 | D:2      | Reached XP level 3. HP: 17/23 MP: 5/5
  1809 | D:3      | Reached XP level 4. HP: 24/28 MP: 6/6
  1829 | D:3      | Reached skill level 4 in Stealth
  2169 | D:3      | Gained mutation: You are partially covered in thin metallic scales (AC +2). [potion of mutation]
  2169 | D:3      | Gained mutation: Scrolls take you a little longer to read. [potion of mutation]
  2169 | D:3      | Gained mutation: You are weak. (Str -2) [potion of mutation]
  2169 | D:3      | HP: 1/28 [poisoned by an orc]
  2175 | D:3      | Lost mutation: Scrolls take you a little longer to read. [potion of cure mutation]
  2175 | D:3      | Lost mutation: You are weak. (Str -2) [potion of cure mutation]
  2175 | D:3      | Lost mutation: You are partially covered in thin metallic scales (AC +2). [potion of cure mutation]
  2630 | D:3      | Reached XP level 5. HP: 30/33 MP: 8/8
  3100 | D:4      | Noticed an ogre
  3103 | D:4      | Killed an ogre
  3103 | D:4      | Reached skill level 5 in Stealth
  3103 | D:4      | Reached XP level 6. HP: 38/38 MP: 9/9
  3178 | D:4      | Found a staircase to the Ecumenical Temple.
  3185 | Temple   | Entered the Ecumenical Temple
  3442 | D:4      | Found a stormy altar of Qazlal.
  3528 | D:4      | Noticed Sigmund
  3548 | D:4      | Killed Sigmund
  3548 | D:4      | Reached skill level 5 in Dodging
  3548 | D:4      | Reached skill level 6 in Stealth
  3548 | D:4      | Reached XP level 7. HP: 26/43 MP: 10/10
  3750 | D:4      | Found an opulent altar of Gozag.
  3755 | D:4      | Found a sparkling altar of Nemelex Xobeh.
  3764 | D:4      | Found a snail-covered altar of Cheibriados.
  3900 | D:4      | Found a glowing golden altar of the Shining One.
  3955 | D:5      | Entered Level 5 of the Dungeon
  3963 | D:5      | Found a glowing silver altar of Zin.
  4056 | D:5      | Reached skill level 7 in Stealth
  4159 | D:5      | Found a glowing drain.
  4163 | Sewer    | Entered a sewer
  4169 | Sewer    | Reached skill level 5 in Evocations
  4379 | Sewer    | Reached XP level 8. HP: 37/48 MP: 10/12
  4452 | D:5      | Found an iron altar of Okawaru.
  4543 | D:5      | Found a deep blue altar of Sif Muna.
  4561 | D:5      | Reached skill level 8 in Stealth
  5475 | D:6      | Reached skill level 9 in Stealth
  5629 | D:6      | Found Webbany's Antique Weapon Shop.
  5635 | D:6      | Bought a runed rapier for 132 gold pieces
  5684 | D:6      | Noticed Prince Ribbit
  5698 | D:6      | Killed Prince Ribbit
  5794 | D:6      | Reached skill level 10 in Stealth
  5794 | D:6      | Reached XP level 9. HP: 23/53 MP: 13/13
  6992 | D:8      | Found a shimmering altar of Xom.
  7016 | D:8      | Reached skill level 11 in Stealth
  7062 | D:8      | Became a worshipper of Xom the Unpredictable
  7091 | D:8      | XOM: silly message
  7119 | D:8      | XOM: harmless Trmt miscast
  7188 | D:8      | Got a smoking short sword
  7195 | D:8      | Identified the cursed +1 short sword "Ox" {venom, +Inv rN++ MP+9 Dex-3} (You found it on level 8 of the Dungeon)
  7209 | D:8      | XOM: potion effect (haste)
  7228 | D:8      | XOM: harmless Air miscast
  7306 | D:8      | Found a flagged portal.
  7472 | Bailey   | Entered a bailey
  7599 | Bailey   | Gained mutation: You are partially covered in rough black scales (AC +4, Dex -1). [potion of beneficial mutation]
  7614 | Bailey   | HP: 1/53 [orc/halberd (5)]
  7921 | Bailey   | XOM: silly message
  7922 | Bailey   | Gained mutation: You are partially covered in molten scales (AC +1). [potion of mutation]
  7922 | Bailey   | Gained mutation: You possess an exceptional clarity of mind. [potion of mutation]
  7922 | Bailey   | Gained mutation: You are covered in fur (AC +1). [potion of mutation]
  7923 | Bailey   | Gained mutation: You occasionally shout uncontrollably at your foes. [potion of mutation]
  7923 | Bailey   | Gained mutation: You are robust (+10% HP). [potion of mutation]
  7923 | Bailey   | Gained mutation: Your magical capacity is low (-10% MP). [potion of mutation]
  7975 | Bailey   | XOM: mild Erth miscast
  7978 | Bailey   | XOM: potion effect (haste)
  7981 | Bailey   | XOM: fog
  7986 | Bailey   | XOM: swap monsters
  8021 | Bailey   | XOM: swap monsters
  8177 | Bailey   | XOM: vitrification
  8385 | Bailey   | XOM: scenery: 1 doors close
  8450 | Bailey   | Noticed an orc knight
  8450 | Bailey   | Noticed an orc knight
  8474 | Bailey   | XOM: potion effect (agility)
  8481 | Bailey   | XOM: enchant monster (bad)
  8482 | Bailey   | Killed an orc knight
  8482 | Bailey   | Reached skill level 12 in Stealth
  8482 | Bailey   | Reached XP level 10. HP: 42/63 MP: 12/14
  8494 | Bailey   | XOM: cast spell 'Summon Small Mammal'
  8504 | Bailey   | Killed an orc knight
  8687 | Bailey   | Noticed an orc knight
  8705 | Bailey   | XOM: summons 3 friendly demons
  8707 | Bailey   | XOM: summons friendly iron imp
  8708 | Bailey   | XOM: potion effect (heal wounds)
  8749 | Bailey   | Killed an orc knight
  8749 | Bailey   | Reached skill level 13 in Stealth
  8756 | Bailey   | XOM: divination: detect creatures
  8757 | Bailey   | XOM: harmless Summ miscast
  8807 | Bailey   | XOM: enchant monster (good)
  8811 | Bailey   | HP: 2/63 [orc warrior/trident (16)]
  9205 | D:8      | XOM: god gift: dyed leather armour {god gift}
  9460 | D:8      | Found a burning altar of Makhleb.
  9460 | D:8      | Noticed a blizzard demon
  9496 | D:8      | Lost mutation: You possess an exceptional clarity of mind. [mutagenic meat]
  9497 | D:8      | Gained mutation: You tend to lose your temper in combat. [mutagenic meat]
  9499 | D:8      | Gained mutation: You can translocate small distances at will. [mutagenic meat]
  9500 | D:8      | Lost mutation: You are covered in fur (AC +1). [mutagenic meat]
  9602 | D:9      | XOM: mild Air miscast
  9613 | D:9      | XOM: 1-stop teleportation journey
  9620 | D:9      | XOM: enchant monster (bad)
  9634 | D:8      | XOM: give mutations
  9634 | D:8      | Lost mutation: You occasionally shout uncontrollably at your foes. [Xom's mischief]
  9634 | D:8      | Gained mutation: Your magical capacity is very low (-20% MP). [Xom's mischief]
  9634 | D:8      | Lost mutation: You are partially covered in molten scales (AC +1). [Xom's mischief]
  9634 | D:8      | Lost mutation: You tend to lose your temper in combat. [Xom's mischief]
  9637 | D:8      | Slain by an orc warrior

Vault maps used:
D:1:      dpeg_arrival_circle_labyrinth_c
D:2:      minivault_27
D:3:      first_bread, grunt_decor_resistance
D:4:      grunt_qazlal_clouds, nicolae_tso_swordbearing_angel,
          minmay_overflow_temple_star_quad, minmay_temple_entry_fiery,
          uniq_sigmund
D:5:      corexii_shantytown, kennysheep_mini_moat, lemuel_crystal_altar,
          lightli_sewer_entry_pipes, basic_altar,
          hangedman_abyss_or_decor_stagger, corexii_hall_statues_i
D:6:      serial_shops, shop, uniq_prince_ribbit1
D:7:      hangedman_decor_diamond_cutter
D:8:      makhleb_altar_promises_db, tgw_xom, lightli_bailey_entry_fortress
D:9:      minmay_flawed_box, grunt_temple_overflow_growth_and_decay,
          marbit_many_paths, elyvilon_altar_4, old_standard_altar, lair_0_dummy,
          erik_orc_1, blue_anna_alchemist
Temple:   nicolae_temple_hex_pool
Sewer:    sewer_co_15_rooms
Bailey:   bailey_polearm_5, bailey

Action                   |  1- 3 |  4- 6 |  7- 9 | 10-12 || total
-------------------------+-------+-------+-------+-------++-------
Melee: Spear             |    47 |       |    40 |       ||    87
       Short sword       |    34 |    37 |   214 |    44 ||   329
       Dagger            |       |    28 |    20 |    25 ||    73
       Trident           |       |    14 |     8 |       ||    22
Evoke: Wand              |       |     7 |    42 |    25 ||    74
  Use: Scroll            |     3 |       |     6 |     1 ||    10
       Potion            |       |     6 |    15 |     7 ||    28
 Stab: Sleeping          |    12 |     7 |    44 |     3 ||    66
       Distracted        |     1 |     1 |       |       ||     2
       Paralysed         |       |       |     2 |       ||     2
       Invisible         |       |       |       |     3 ||     3
  Eat: Chunk             |     2 |     6 |    16 |    10 ||    34
